 Dungeon Crawl Stone Soup version 0.30.0-15-g856e2d3f33 (webtiles) character file.

Game seed: 4084430333211217230

154244 wingedge the Destroyer (level 18, -25/134 HPs)
             Began as a Human Wanderer on May 18, 2023.
             Was an Elder of Sif Muna.
             Killed from afar by a merfolk aquamancer (57 damage)
             ... with a shard of ice
             ... on level 4 of the Shoals on May 19, 2023.
             The game lasted 02:51:19 (37729 turns).

wingedge the Destroyer (Human Wanderer)            Turns: 37729, Time: 02:51:20

Health: -25/134    AC: 15    Str: 23    XL:     18   Next: 25%
Magic:  4/32       EV: 13    Int: 23    God:    Sif Muna [****..]
Gold:   1984       SH: 14    Dex: 11    Spells: 2/37 levels left

rFire   . . .        e - staff of earth
rCold   . . .        r - +4 kite shield of the Endless Expanse {+Inv}
rNeg    + . .        w - +3 robe "Qegidocs" {+Blink rElec rN+ Str+3}
rPois   +            Z - +2 hat {Will+}
rElec   +            Q - +2 cloak {Stlth+}
rCorr   .            x - +1 pair of gloves
SInv    .            F - +1 pair of boots "Utwuzxamp" {rPois}
Will    ++...        K - amulet of Uskayaw's Delight {Faith Str+2}
Stlth   ++++         C - ring "Touj" {Fly Int+6}
HPRegen 0.42/turn    z - ring of the Mage {Wiz Archmagi}
MPRegen 0.23/turn

%: faith, wizardry (x1), archmagi
@: flying, very slightly contaminated, studying Long Blades
A: no striking features
a: Renounce Religion, Evoke Blink, Evoke Invisibility, Channel Magic, Forget
Spell, Divine Exegesis


You were on level 4 of the Shoals.
You worshipped Sif Muna.
Sif Muna was greatly pleased with you.
You visited 5 branches of the dungeon, and saw 27 of its levels.
You also visited: Trove and Bailey.

You collected 3970 gold pieces.
You spent 1986 gold pieces at shops.

Inventory:

Hand Weapons
 b - a +9 broad axe of draining
 c - the +7 war axe "Noud Uji" {heavy, rF+ rC+ Dex+2}
   (You found it on level 1 of the Shoals)

   Dex:       It affects your dexterity (+2).
   rF:        It protects you from fire.
   rC:        It protects you from cold.
Missiles
 M - a throwing net
Armour
 r - the +4 kite shield of the Endless Expanse (worn) {+Inv}
   (You acquired it on level 5 of the Lair of Beasts)

   +Inv:      It lets you turn invisible.
 w - the +3 robe "Qegidocs" (worn) {+Blink rElec rN+ Str+3}
   (You found it on level 3 of the Dungeon)

   Str:       It affects your strength (+3).
   rElec:     It insulates you from electricity.
   rN:        It protects you from negative energy.
   +Blink:    It lets you blink.
 x - a +1 pair of gloves (worn)
 F - the +1 pair of boots "Utwuzxamp" (worn) {rPois}
   (You found it on level 14 of the Dungeon)

   rPois:     It protects you from poison.
 G - the +0 cloak of Ligavil {Harm *Slow rPois}
   (You found it on level 1 of the Lair of Beasts)

   rPois:     It protects you from poison.
   *Slow:     It may slow you when you take damage.
   Harm:      It increases damage dealt and taken.
 J - the +0 robe "Weliene" {rPois rN+ Int-2 SInv}
   (You took it off a merfolk siren on level 2 of the Shoals)

   Int:       It affects your intelligence (-2).
   rPois:     It protects you from poison.
   rN:        It protects you from negative energy.
   SInv:      It lets you see invisible.
 Q - a +2 cloak of stealth (worn)
 S - a +2 cloak of poison resistance
 U - the +7 chain mail "Elunebb" {rF+ Regen+ Str+5}
   (You took it off an orc on level 2 of the Orcish Mines)

   Str:       It affects your strength (+5).
   rF:        It protects you from fire.
   Regen:     It increases your rate of health regeneration.
 X - a +2 robe of willpower
 Z - a +2 hat of willpower (worn)
Magical Staves
 a - a staff of conjuration
 e - a staff of earth (weapon)
 l - the staff of cold "Qicra" {rC+ Str+3}
   (You found it on level 3 of the Lair of Beasts)

   [staff of cold]

   Base accuracy: +5 Base damage: 5 Base attack delay: 1.2 This weapon's minimum
   attack delay (0.6) is reached at skill level 12.
   Str:       It affects your strength (+3).
   rC:        It protects you from cold.
   It falls into the 'Staves' category.
   It is a one-handed weapon.
Jewellery
 j - an amulet of reflection
 m - a ring of protection from cold
 p - a ring of protection from fire
 q - the ring "Atimmac" {EV+5 Str+3 Slay+5}
   (You bought it in a shop on level 5 of the Dungeon)

   [ring of evasion]

   EV:        It affects your evasion (+5).
   Str:       It affects your strength (+3).
   Slay:      It affects your accuracy & damage with ranged weapons and melee
   (+5).
 z - the ring of the Mage (right hand) {Wiz Archmagi}
   (You acquired it on level 7 of the Dungeon)

   [ring of wizardry]

   It improves your spell success rate.
   Archmagi:  It increases the power of your magical spells.
 C - the ring "Touj" (left hand) {Fly Int+6}
   (You acquired it on level 5 of the Lair of Beasts)

   [ring of intelligence]

   Int:       It affects your intelligence (+6).
   Fly:       It grants you flight.
 H - the ring "Kihohap" {rElec rN+ Str+3 Dex+2}
   (You found it on level 15 of the Dungeon)

   [ring of positive energy]

   Str:       It affects your strength (+3).
   Dex:       It affects your dexterity (+2).
   rElec:     It insulates you from electricity.
   rN:        It protects you from negative energy.
 K - the amulet of Uskayaw's Delight (around neck) {Faith Str+2}
   (You found it on level 15 of the Dungeon)

   [amulet of faith]

   It allows you to gain divine favour quickly.
   Str:       It affects your strength (+2).
Wands
 O - a wand of digging (6)
Scrolls
 h - 8 scrolls of teleportation
 i - 15 scrolls of identify
 n - a scroll of butterflies
 t - a scroll of silence
 v - 11 scrolls of fear
 y - 3 scrolls of fog
 E - 6 scrolls of blinking
 I - 4 scrolls of poison
 P - 2 scrolls of enchant weapon
 R - a scroll of enchant armour
 W - a scroll of magic mapping
Potions
 d - 3 potions of ambrosia
 f - 4 potions of heal wounds
 g - 4 potions of flight
 k - 3 potions of resistance
 o - 3 potions of attraction
 s - 6 potions of cancellation
 u - 14 potions of curing
 A - 4 potions of might
 B - a potion of haste
 D - a potion of invisibility
 L - 4 potions of magic
 N - 5 potions of mutation
 T - 3 potions of berserk rage
 Y - a potion of brilliance


   Skills:
 - Level 10.0 Fighting
 - Level 9.9(10.0) Axes
 - Level 1.0(6.2) Polearms
 + Level 7.7 Armour
 - Level 7.0 Dodging
 - Level 5.0 Stealth
 + Level 7.9 Shields
 + Level 10.2 Spellcasting
 + Level 12.4 Conjurations
 + Level 7.3 Transmutations
 - Level 5.0 Ice Magic
 - Level 10.0 Air Magic
 + Level 11.8 Earth Magic
 + Level 9.2 Invocations
 - Level 4.0 Evocations


You had 2 spell levels left.
You knew the following spells:

 Your Spells              Type           Power      Damage    Failure   Level
a - Iron Shot             Conj/Erth      50%        9d10      4%          6
b - Freezing Cloud        Conj/Ice/Air   34%        6-21      2%          5
c - Arcjolt               Conj/Air       38%        1d48      1%          5
d - Lee's Rapid Deconstr  Erth           49%        3d23*     1%          5
e - Irradiate             Conj/Tmut      36%        3d23      1%          5
f - Magic Dart            Conj           100%       1d8       1%          1
g - Iskenderun's Battles  Conj           80%        2d13      1%          5
h - Swiftness             Air            72%        N/A       1%          3

Your spell library contained the following spells:

 Spells                   Type           Power      Damage    Failure   Level
 Beastly Appendage        Tmut           100%       N/A       1%          1
 Foxfire                  Conj/Fire      100%       2x1d9     1%          1
 Kiss of Death            Conj/Necr      100%       2d13      1%          1
 Sandblast                Erth           100%       2d20      1%          1
 Sting                    Tmut/Pois      100%       1d8       1%          1
 Cigotuvi's Dreadful Rot  Necr/Pois/Air  80%        N/A       1%          2
 Passwall                 Tmut/Erth      75%        N/A       1%          2
 Poisonous Vapours        Pois/Air       100%       N/A       1%          2
 Searing Ray              Conj           100%       2d8       1%          2
 Static Discharge         Conj/Air       100%       2-7/arc   1%          2
 Wereblood                Tmut           62%        N/A       1%          2
 Ensorcelled Hibernation  Hex/Ice        68%        N/A       2%          2
 Apportation              Tloc           34%        N/A       4%          1
 Necrotise                Necr           68%        1d7       4%          1
 Summon Small Mammal      Summ           68%        N/A       4%          1
 Sublimation of Blood     Necr           17%        N/A       6%          2
 Hailstorm                Conj/Ice       67%        3d14      1%          3
 Mephitic Cloud           Conj/Pois/Air  62%        N/A       1%          3
 Stone Arrow              Conj/Erth      100%       3d13      1%          3
 Vhi's Electric Charge    Tloc/Air       100%       N/A       1%          3
 Petrify                  Tmut/Erth      90%        N/A       1%          4
 Spider Form              Tmut/Pois      42%        N/A       2%          3
 Flame Wave               Conj/Fire      57%        2d14      3%          4
 Fulminant Prism          Conj/Hex       28%        3d14      3%          4
 Ice Form                 Ice/Tmut       56%        N/A       3%          4
 Iskenderun's Mystic Bla  Conj/Tloc      57%        2d12      3%          4
 Sticky Flame             Conj/Fire      57%        2d7       3%          4
 Ignite Poison            Fire/Tmut/Pois 34%        N/A       4%          3
 Animate Armour           Summ/Erth      100%       N/A       4%          4
 Leda's Liquefaction      Hex/Erth       36%        N/A       4%          4
 Summon Lightning Spire   Summ/Air       51%        N/A       6%          4
 Blade Hands              Tmut           31%        N/A       6%          5
 Fireball                 Conj/Fire      28%        3d12      9%          5
 Borgnjor's Vile Clutch   Necr/Erth      36%        N/A       11%         5
 Gell's Gravitas          Tloc           17%        N/A       13%         3
 Inner Flame              Hex/Fire       17%        N/A       13%         3
 Summon Guardian Golem    Hex/Summ       17%        N/A       13%         3
 Teleport Other           Tloc           17%        N/A       13%         3
 Tukima's Dance           Hex            17%        N/A       13%         3
 Volatile Blastmotes      Fire/Tloc      34%        2d12      13%         3
 Statue Form              Tmut/Erth      60%        N/A       13%         6
 Orb of Destruction       Conj           40%        9d11      22%         7
 Alistair's Intoxication  Tmut/Pois      28%        N/A       26%         5
 Yara's Violent Unravell  Hex/Tmut       21%        3d10      26%         5
 Anguish                  Hex/Necr       8%         N/A       38%         4
 Cause Fear               Hex            8%         N/A       38%         4
 Manifold Assault         Tloc           17%        N/A       38%         4
 Olgreb's Toxic Radiance  Pois           17%        N/A       38%         4
 Passage of Golubria      Tloc           17%        N/A       38%         4
 Metabolic Englaciation   Hex/Ice        17%        N/A       38%         5
 Starburst                Conj/Fire      28%        6d9       43%         6
 Plasma Beam              Fire/Air       25%        2x1d41    61%         6
 Agony                    Necr           17%        N/A       71%         5
 Summon Mana Viper        Hex/Summ       17%        N/A       71%         5
 Eringya's Noxious Bog    Tmut/Pois      21%        N/A       78%         6
 Dragon Form              Tmut           31%        N/A       85%         7
 Lehudib's Crystal Spear  Conj/Erth      50%        10d12     86%         8
 Simulacrum               Ice/Necr       17%        N/A       90%         6
 Spellforged Servitor     Conj/Summ      28%        N/A       93%         7
 Ozocubu's Refrigeration  Ice            25%        4d13      98%         7
 Maxwell's Capacitive Co  Air            36%        ∞         98%         8
 Dispersal                Tloc           8%         N/A       99%         6
 Haunt                    Necr/Summ      8%         N/A       100%        7
 Disjunction              Tloc           8%         N/A       100%        8
 Necromutation            Tmut/Necr      21%        N/A       100%        8
 Chain Lightning          Conj/Air       38%        3d50      100%        9
 Death's Door             Necr           8%         N/A       100%        9
 Fire Storm               Conj/Fire      28%        8d7       100%        9
 Shatter                  Erth           49%        3d38*     100%        9


Dungeon Overview and Level Annotations

Branches:
Dungeon (15/15)            Temple (1/1) D:4            Lair (5/5) D:11
 Shoals (4/4) Lair:2        Snake (0/4) Lair:3        Slime (0/5) Lair:4
    Orc (2/2) D:12            Elf (0/3) Orc:2        Vaults (0/5) D:14
 Depths (0/4) D:15         Bailey (visited)

Altars:
Ashenzari
Cheibriados
Dithmenos
Elyvilon
Fedhas
Gozag
Hepliaklqana
Kikubaaqudgha
Makhleb
Nemelex Xobeh
Okawaru
Qazlal
Ru
Sif Muna
Trog
Uskayaw
Vehumet
Wu Jian
Xom
Yredelemnul
Zin
The Shining One
Jiyva

Shops:
D:5 =   Orc:2 *?:=

Annotations:
Shoals:4 2 exclusions


Message History

Aiming: Iron Shot (dangerous; 4% risk of failure)
Press: ? - help, Shift-Dir - straight line, f - merfolk aquamancer
Aim: a merfolk aquamancer, wielding a +2 rapier of draining and wearing a +0 robe (steam, heavily wounded, 72% to hit)
You feel a strong surge of power!
The iron shot misses the merfolk aquamancer.
You are engulfed in a cloud of scalding steam.
The merfolk aquamancer is engulfed in a cloud of scalding steam.
The merfolk aquamancer points at you and mumbles some strange words.
The ball of steam hits you!!
* * * LOW HITPOINT WARNING * * *
You feel much better.
You feel less invigorated.
Casting: Iron Shot (dangerous; 4% risk of failure)
Confirm with . or Enter, or press ? or * to list all spells.
Aiming: Iron Shot (dangerous; 4% risk of failure)
Press: ? - help, Shift-Dir - straight line, f/p - merfolk aquamancer
Aim: a merfolk aquamancer, wielding a +2 rapier of draining and wearing a +0 robe (steam, severely wounded, 72% to hit)
You feel a strong surge of power!
The iron shot hits the merfolk aquamancer!!!
You kill the merfolk aquamancer!
Sif Muna accepts your kill.
A harpy comes into view.
Casting: Iron Shot (dangerous; 4% risk of failure)
Confirm with . or Enter, or press ? or * to list all spells.
Aiming: Iron Shot (dangerous; 4% risk of failure)
Press: ? - help, Shift-Dir - straight line, f - merfolk aquamancer
Aim: a merfolk aquamancer, wielding a +0 rapier of electrocution and wearing a +0 robe (lightly wounded, 72% to hit)
You feel a strong surge of power!
The iron shot hits the merfolk aquamancer!!!
The merfolk aquamancer is almost dead.
You no longer feel sluggish.
The plant is engulfed in a cloud of scalding steam.
The plant begins to die.
The merfolk aquamancer casts a spell at you.
The shard of ice hits you!!
* * * LOW HITPOINT WARNING * * *
A merfolk javelineer comes into view.
It is wielding a +1 spear of venom and quivering silver javelins.
You feel much better.
The merfolk aquamancer gestures at you while chanting.
The shard of ice hits you!!!
You die...

.......t....~~~...#
~~...m.<# ..~~~..#
~~......# #.~~~..#
~m~....H####)~~~..##
≈≈~.####†m†.†~~~~P.#
≈≈~ ###.))÷~~~P~~..
≈≈~~.......)~~~~~~~.
≈≈~~.)..)###.~~≈PPPP
≈≈~(~~..# #@~~≈≈≈~P
≈≈≈~~~..##..~~≈≈≈~P
≈≈≈≈≈~.....~~~≈≈≈PP
≈≈≈≈≈~~~~~~~~~≈≈≈≈P
≈≈≈≈≈≈~~~~~~~≈≈≈≈≈≈
≈≈≈≈~~~~≈≈≈≈≈≈≈
≈≈≈≈≈≈≈≈≈≈≈≈≈≈≈
≈≈≈≈≈≈≈≈≈≈≈≈≈≈≈


You could see a merfolk aquamancer.

Vanquished Creatures
  Nikola (Shoals:3)
  The ghost of JanusIIV the Bludgeoner, an adept GrBe of Trog (D:14)
  2 orc warlords
  A stone giant (D:15)
  A blizzard demon (D:14)
  An ettin (Orc:1)
  2 merfolk javelineers
  A fire dragon (Lair:5)
  3 merfolk impalers
  The ghost of sasquatch the Arsonist, a journeyman DrFE of Vehumet (Lair:1)
  6 hydras
  The ghost of JanusIIV the Carver, a journeyman NaCj of Cheibriados (D:11)
  3 vault guards (D:14)
  An ice dragon (Lair:4)
  2 rakshasas (D:14)
  2 catoblepae
  6 ogre magi
  Erica (Orc:1)
  A merfolk avatar (Shoals:2)
  4 boulder beetles
  A satyr (Shoals:3)
  6 centaur warriors
  A death knight (D:13)
  2 merfolk aquamancers (Shoals:4)
  11 death yaks
  22 two-headed ogres
  2 alligator snapping turtles
  4 tengu warriors
  An orc high priest (Orc:2)
  Sonja (D:12)
  2 deep elf knights
  4 skysharks
  5 skeletal warriors
  A swamp dragon (Lair:5)
  11 sea snakes
  24 harpies
  A deep elf pyromancer (D:13)
  2 wizards (D:14)
  5 orc knights
  3 orc sorcerers (Orc:2)
  An ugly thing (D:14)
  An oklob plant (Lair:1)
  A wolf spider (D:14)
  2 fauns
  5 cyclopes
  2 spectral centaurs (D:11)
  7 manticores
  2 moths of wrath (Lair:1)
  Maurice (Orc:2)
  6 black mambas
  10 elephants
  An ice statue (Lair:4)
  2 merfolk sirens
  2 water nymphs
  3 torpor snails
  A gargoyle (D:13)
  16 rime drakes
  9 cane toads
  2 unseen horrors
  2 yaktaurs
  10 komodo dragons
  An efreet (D:12)
  An ice devil (D:14)
  4 freezing wraiths
  A tengu conjurer (D:13)
  A kobold demonologist (D:13)
  3 trolls
  14 merfolk
  13 polar bears
  A spectral meliai (D:11)
  4 wind drakes
  A raiju (Lair:5)
  2 hornets
  9 blink frogs
  3 snapping turtles
  5 dream sheep
  7 water elementals
  13 slime creatures (D:15)
  4 wraiths
  7 centaur simulacra
  2 shadows
  2 vampires
  7 wyverns
  A human (D:14)
  24 yaks
  3 basilisks
  5 vampire mosquitoes
  2 steam dragons (Lair:5)
  6 wargs
  Menkaure (D:5)
  4 acid dragons
  17 water moccasins
  16 hell hounds (Lair:5)
  A meliai simulacrum (D:14)
  A swamp drake (Lair:5)
  A sky beast (D:7)
  40 orc warriors
  15 black bears
  A hornet zombie (D:7)
  6 ice beasts
  14 centaurs
  33 ogres
  16 wolves
  7 kobold brigands
  7 bullfrogs
  A gnoll sergeant (D:9)
  2 scorpions
  A water moccasin zombie (D:7)
  10 wights
  3 killer bees (D:8)
  4 howler monkeys
  4 electric eels
  A bullfrog zombie (D:7)
  5 centaur zombies
  3 jellies
  18 orc priests
  A sleepcap (D:7)
  4 iguanas (Lair:5)
  23 orc wizards
  2 killer bee zombies (D:7)
  3 howler monkey zombies (D:7)
  18 gnolls
  8 adders
  4 white imps
  2 dart slugs
  91 orcs
  6 endoplasms
  A giant cockroach (D:2)
  22 goblins
  15 hobgoblins
  18 jackals
  19 kobolds
  7 quokkas
  5 ball pythons
  5 bats
  2 frilled lizards (D:1)
  7 rats
877 creatures vanquished.

Notes
Turn   | Place    | Note
-------+----------+-------------------------------------------
     0 | D:1      | wingedge the Human Wanderer began the quest for the Orb.
     0 | D:1      | wingedge set off with the following items: a +0 spear, a
                  | wand of flame (16), a +0 buckler, a potion of haste, a +0
                  | leather armour.
     0 | D:1      | Reached XP level 1. HP: 13/13 MP: 1/1
    94 | D:1      | Reached skill level 1 in Fighting
   235 | D:1      | Reached XP level 2. HP: 21/21 MP: 2/2
   534 | D:1      | Reached XP level 3. HP: 27/28 MP: 3/3
  1045 | D:2      | Reached XP level 4. HP: 34/35 MP: 4/4
  1259 | D:2      | Reached skill level 1 in Earth Magic
  1274 | D:2      | Reached skill level 1 in Conjurations
  1867 | D:3      | Reached skill level 1 in Spellcasting
  1925 | D:3      | Identified the +3 robe "Qegidocs" {+Blink rElec rN+ Str+3}
  1950 | D:3      | Learned a level 3 spell: Stone Arrow
  2156 | D:3      | Reached XP level 5. HP: 39/41 MP: 6/6
  2269 | D:3      | Found an ornate altar of the Wu Jian Council.
  2597 | D:4      | Reached skill level 2 in Conjurations
  2622 | D:4      | Reached XP level 6. HP: 24/47 MP: 8/8
  2855 | D:4      | Found a staircase to the Ecumenical Temple.
  2885 | Temple   | Entered the Ecumenical Temple
  3006 | Temple   | Became a worshipper of Sif Muna the Loreminder
  3605 | D:4      | Reached skill level 3 in Conjurations
  3880 | D:5      | Entered Level 5 of the Dungeon
  3888 | D:4      | Reached XP level 7. HP: 52/52 MP: 10/10
  3904 | D:5      | Found Jootasy's Jewellery Boutique.
  3946 | D:5      | Noticed Menkaure
  3955 | D:5      | Killed Menkaure
  4017 | D:5      | Noticed a water moccasin
  4022 | D:5      | Killed a water moccasin
  4023 | D:5      | Reached skill level 4 in Conjurations
  4071 | D:5      | Found a transporter.
  4085 | D:5      | Reached XP level 8. HP: 30/58 MP: 1/11
  4096 | D:5      | Reached * piety under Sif Muna
  4387 | D:5      | Found a transporter.
  4436 | D:5      | Reached skill level 5 in Earth Magic
  4828 | D:5      | Reached skill level 5 in Conjurations
  5703 | D:6      | Reached skill level 1 in Stealth
  6107 | D:6      | Reached XP level 9. HP: 64/64 MP: 13/13
  6571 | D:5      | Reached skill level 6 in Conjurations
  6717 | D:7      | Reached ** piety under Sif Muna
  7168 | D:7      | Reached skill level 5 in Fighting
  7226 | D:7      | Reached skill level 5 in Invocations
  7226 | D:7      | Reached XP level 10. HP: 56/74 MP: 3/14
  7355 | D:7      | Reached skill level 7 in Conjurations
  7393 | D:7      | Found a flagged portal.
  7403 | Bailey   | Entered a bailey
  7492 | Bailey   | Learned a level 3 spell: Hailstorm
  7658 | Bailey   | Reached skill level 1 in Ice Magic
  7810 | Bailey   | Reached *** piety under Sif Muna
  8625 | Bailey   | Acquired a staff of conjuration
  8798 | Bailey   | Noticed an orc warlord
  8800 | Bailey   | Reached skill level 5 in Ice Magic
  8848 | Bailey   | Killed an orc warlord
  8849 | Bailey   | Reached skill level 5 in Stealth
  9070 | Bailey   | Reached skill level 5 in Spellcasting
  9181 | D:7      | Reached skill level 1 in Axes
  9244 | D:7      | Acquired the ring of the Mage {Wiz Archmagi}
  9244 | D:7      | Found the ring of the Mage {Wiz Archmagi}
  9768 | D:7      | Reached XP level 11. HP: 79/79 MP: 12/18
 10037 | D:8      | Identified the +3 long sword "Dabb" {heavy, Str+7}
 10126 | D:8      | Reached **** piety under Sif Muna
 10180 | D:8      | Reached skill level 1 in Dodging
 10180 | D:8      | Reached skill level 1 in Air Magic
 10284 | D:8      | Learned a level 5 spell: Arcjolt
 10955 | D:9      | Found a burning altar of Makhleb.
 11290 | D:9      | Reached skill level 5 in Axes
 11762 | D:10     | Entered Level 10 of the Dungeon
 11780 | D:10     | Found an iron altar of Okawaru.
 11845 | D:10     | Found a white marble altar of Elyvilon.
 11893 | D:10     | Found a hazy altar of Hepliaklqana.
 12156 | D:10     | Noticed a two-headed ogre
 12161 | D:10     | Killed a two-headed ogre
 12898 | D:5      | Bought the ring "Atimmac" {EV+5 Str+3 Slay+5} for 703 gold
                  | pieces
 13137 | D:11     | Noticed a two-headed ogre
 13140 | D:11     | Killed a two-headed ogre
 13207 | D:11     | Found a runed translucent gate.
 13207 | D:11     | Found a runed translucent gate.
 13207 | D:11     | Found a runed translucent gate.
 13207 | D:11     | Noticed JanusIIV's ghost (journeyman NaCj)
 13376 | D:11     | Reached XP level 12. HP: 88/88 MP: 19/19
 13720 | D:11     | Reached skill level 5 in Air Magic
 13880 | D:11     | Found a staircase to the Lair.
 13880 | D:11     | Noticed a death yak
 13896 | D:11     | Reached skill level 8 in Conjurations
 13898 | D:11     | Killed a death yak
 14379 | D:11     | Found a portal to a secret trove of treasure.
 14596 | Lair:1   | Entered Level 1 of the Lair of Beasts
 14746 | Lair:1   | Found a transporter.
 14757 | Lair:1   | Noticed sasquatch's ghost (journeyman DrFE)
 14845 | Lair:1   | Found a transporter.
 15628 | Lair:2   | Found a staircase to the Shoals.
 16170 | Lair:2   | Reached XP level 13. HP: 93/93 MP: 16/22
 16202 | Lair:2   | Reached ***** piety under Sif Muna
 16768 | Lair:2   | Reached skill level 5 in Dodging
 17783 | Lair:2   | Noticed a four-headed hydra
 17793 | Lair:2   | Killed a four-headed hydra
 18025 | Lair:2   | Received a gift from Sif Muna
 18034 | Lair:2   | Learned a level 5 spell: Lee's Rapid Deconstruction
 19018 | Lair:3   | Found a staircase to the Snake Pit.
 19207 | Lair:3   | Noticed a five-headed hydra
 19212 | Lair:3   | Killed a five-headed hydra
 19287 | Lair:3   | Identified the staff of cold "Qicra" {rC+ Str+3}
 19311 | Lair:3   | Reached XP level 14. HP: 104/104 MP: 17/23
 19343 | Lair:3   | You fall into a shaft and drop 2 floors!
 19343 | Lair:5   | Entered Level 5 of the Lair of Beasts
 20849 | Lair:4   | Found a viscous altar of Jiyva.
 20850 | Lair:4   | Found a staircase to the Slime Pits.
 20926 | Lair:4   | Reached skill level 9 in Conjurations
 21239 | Lair:4   | Identified the staff of poison "Ymuimaeh" {rPois MP+9}
 22048 | Lair:5   | Learned a level 5 spell: Irradiate
 22339 | Lair:5   | Received a gift from Sif Muna
 22340 | Lair:5   | Reached skill level 1 in Transmutations
 22364 | Lair:5   | Got Voukhaxo's Omnibus of Prime Thunder {god gift}
 22367 | Lair:5   | Learned a level 1 spell: Magic Dart
 22373 | Lair:5   | Learned a level 5 spell: Iskenderun's Battlesphere
 22476 | Lair:5   | Identified the +1 dagger "Xeimacax" {freeze, Str+3}
 23118 | Lair:5   | Reached XP level 15. HP: 47/110 MP: 16/26
 23645 | Lair:5   | Identified the +4 scimitar of the Three Knives {heavy, rN+}
 23656 | Lair:5   | Identified the +9 flail "Plog" {elec, rN+}
 24115 | Lair:5   | Acquired the +4 kite shield of the Endless Expanse {+Inv}
 24116 | Lair:5   | Acquired the ring "Touj" {Fly Int+6}
 24131 | Lair:5   | Acquired 911 gold pieces
 24538 | D:12     | Found a staircase to the Orcish Mines.
 24748 | D:12     | Found a shimmering blue altar of Sif Muna.
 24946 | D:12     | Noticed Sonja
 24947 | D:12     | Killed Sonja
 25147 | D:12     | Received a gift from Sif Muna
 25148 | D:12     | Got Plog's Grimoire of United Interference {god gift}
 25575 | Orc:1    | Entered Level 1 of the Orcish Mines
 25578 | Orc:1    | Noticed Erica
 25582 | Orc:1    | Reached skill level 10 in Conjurations
 25721 | Orc:1    | Killed Erica
 25889 | Orc:2    | Entered Level 2 of the Orcish Mines
 25900 | Orc:2    | Reached skill level 10 in Air Magic
 25929 | Orc:2    | Learned a level 5 spell: Freezing Cloud
 25933 | Orc:2    | Found a staircase to the Elven Halls.
 25965 | Orc:2    | Identified the +5 scimitar of Focus {venom, rElec}
 25965 | Orc:2    | Identified the +7 chain mail "Elunebb" {rF+ Regen+ Str+5}
 26130 | Orc:2    | Noticed an orc warlord
 26139 | Orc:2    | Killed an orc warlord
 26468 | Orc:2    | Reached XP level 16. HP: 120/120 MP: 17/28
 26478 | Orc:2    | Noticed Maurice
 26485 | Orc:2    | Killed Maurice
 26672 | Orc:1    | Received a gift from Sif Muna
 26729 | Orc:1    | Got Sif Muna's Vademecum on Shapes and the Comitatus {god
                  | gift}
 27067 | Orc:2    | Found Laamig's Book Boutique.
 27067 | Orc:2    | Found Ziath's Jewellery Emporium.
 27068 | Orc:2    | Found Oggaaqes's General Store.
 27068 | Orc:2    | Found Hilah's Magic Scroll Boutique.
 27075 | Orc:2    | Bought a book of Power for 672 gold pieces
 27078 | Orc:2    | Bought a scroll of blinking for 105 gold pieces
 27078 | Orc:2    | Bought a scroll of teleportation for 42 gold pieces
 27078 | Orc:2    | Bought a scroll of teleportation for 42 gold pieces
 27078 | Orc:2    | Bought a scroll of teleportation for 42 gold pieces
 27078 | Orc:2    | Bought a scroll of teleportation for 42 gold pieces
 27079 | Orc:2    | Bought a potion of heal wounds for 65 gold pieces
 27079 | Orc:2    | Bought a potion of heal wounds for 65 gold pieces
 27079 | Orc:2    | Bought a potion of cancellation for 104 gold pieces
 27079 | Orc:2    | Bought a scroll of teleportation for 39 gold pieces
 27079 | Orc:2    | Bought a potion of heal wounds for 65 gold pieces
 27416 | D:13     | Reached skill level 5 in Transmutations
 28406 | D:14     | Reached skill level 10 in Earth Magic
 28424 | D:14     | Learned a level 6 spell: Iron Shot
 28572 | D:14     | Identified the +0 leather armour of Dasahi {rCorr Dex+3
                  | Slay-6}
 28888 | D:14     | Found a runed translucent gate.
 28888 | D:14     | Found a runed translucent gate.
 28888 | D:14     | Found a runed translucent gate.
 29096 | D:14     | Reached skill level 5 in Shields
 29325 | D:14     | Reached skill level 11 in Conjurations
 29326 | D:14     | Reached skill level 10 in Fighting
 29573 | D:14     | Reached skill level 5 in Armour
 29705 | D:14     | Found a gate to the Vaults.
 29833 | D:14     | Noticed JanusIIV's ghost (adept GrBe)
 30011 | D:14     | Received a gift from Sif Muna
 30015 | D:14     | Reached XP level 17. HP: 128/128 MP: 8/30
 30113 | D:14     | Killed JanusIIV's ghost
 30162 | D:14     | Identified the +1 pair of boots "Utwuzxamp" {rPois}
 30351 | D:11     | Killed JanusIIV's ghost
 30483 | Lair:1   | Killed sasquatch's ghost
 30549 | Lair:1   | Identified the +0 cloak of Ligavil {Harm *Slow rPois}
 30710 | D:11     | You paid a toll of 16 scrolls of teleportation to enter a
                  | treasure trove
 30711 | Trove    | Entered a treasure trove
 30723 | Trove    | Got the Codex of Gloom
 30739 | Trove    | Got the Handbook of Intoxicating Heat
 30759 | Trove    | Got Miahy's Almanac of Transformation and Ashes
 30762 | Trove    | Got Sif Muna's Handbook of the Chilled Compass
 30903 | D:15     | Entered Level 15 of the Dungeon
 31216 | D:15     | Identified the ring "Kihohap" {rElec rN+ Str+3 Dex+2}
 31503 | D:15     | Identified the amulet of Uskayaw's Delight {Faith Str+2}
 31979 | D:15     | Found a staircase to the Depths.
 32211 | D:15     | Found a sparkling altar of Nemelex Xobeh.
 32404 | Shoals:1 | Entered Level 1 of the Shoals
 32557 | Shoals:1 | Identified the +7 war axe "Noud Uji" {heavy, rF+ rC+ Dex+2}
 33494 | Shoals:1 | Reached skill level 10 in Spellcasting
 34315 | Shoals:2 | Received a gift from Sif Muna
 34326 | Shoals:2 | Reached skill level 12 in Conjurations
 34378 | Shoals:2 | Got Rezauh's Spellbook of the Fair Folk and Metal {god
                  | gift}
 34800 | Shoals:2 | Identified the +0 robe "Weliene" {rPois rN+ Int-2 SInv}
 36072 | Shoals:3 | Reached XP level 18. HP: 67/134 MP: 15/32
 36236 | Shoals:3 | Learned a level 3 spell: Swiftness
 36413 | Shoals:3 | Noticed Nikola
 36416 | Shoals:3 | Killed Nikola
 37339 | Shoals:4 | Entered Level 4 of the Shoals
 37729 | Shoals:4 | Killed from afar by a merfolk aquamancer

Illustrated notes

Levels and vault maps discovered:
D:1:      lightli_arrival_maybe_door_vault, layout_loops_cross
D:2:      layout_basic
D:3:      layout_basic, nicolae_overflow_crystal_walls
D:4:      layout_cave_pods, minmay_temple_entry_glassed_door,
          nicolae_concentric_dashed_squares_mild
D:5:      gammafunk_cloud_chamber, layout_loops_cross, serial_shops, shop,
          uniq_menkaure
D:6:      layout_loops_ring, minmay_gold_behind_fungi
D:7:      layout_rooms, lightli_bailey_entry_fortress, serial_undead,
          serial_undead_d, serial_undead_f, serial_undead_c, serial_undead_e,
          mrwooster_statue_mirror
D:8:      layout_basic
D:9:      layout_roguey, mainiacjoe_overflow_boulevard
D:10:     layout_small_grid, chequers_temple_overflow_statue_of_worship,
          okawaru_gym_becter
D:11:     layout_loops_ring, david_lair_generic, gammafunk_ghost_necromancy,
          nicolae_trove_entry_columns
D:12:     layout_stronghold, minmay_orc_entry_temple_large,
          minmay_misc_feat_doors, lemuel_blue_sif_altar, uniq_sonja
D:13:     layout_roguey, serial_corexii_hall, chequers_hall_statues_wall_a,
          corexii_hall_statues_deadend, chequers_hall_statues_wall_a,
          corexii_hall_statues_x
D:14:     layout_basic, grunt_vaults_entry_fortified, minmay_misc_feat_rows,
          gammafunk_ghost_icy, minmay_shattered_shrine
D:15:     grunt_enter_depths_snipers, layout_irregular_city,
          nemelex_altar_shiori, nrook_pool_corridor
Temple:   bh_familiar_temple
Lair:1:   layout_loops_ring, gammafunk_ghost_berserking_beasts,
          infiniplex_staircase_pool_2
Lair:2:   nzn_winding_woodlands_large [nzn_winding_woodlands_5x5_checkerboard,
          nzn_winding_woodlands_5x15_crooked,
          nzn_winding_woodlands_5x5_open_star,
          nzn_winding_woodlands_center_garden,
          nzn_winding_woodlands_15x15_eel_pit,
          nzn_winding_woodlands_center_diamonds,
          nzn_winding_woodlands_5x5_three, nzn_winding_woodlands_5x15_zeroes,
          nzn_winding_woodlands_5x5_closed_star], layout_hall_layers,
          nicolae_shoals_entry_roost
Lair:3:   layout_regular_city, dummy_snake_entry
Lair:4:   layout_loops_ring, slime_entry_1, ice2_lemuel, grunt_megastairs_1
Lair:5:   hangedman_lair_caniforms_friends, layout_regular_city,
          guppyfry_lair_end_dragon, minmay_lair_drake_nest
Shoals:1: layout_shoals, yaktaur_hedge
Shoals:2: layout_shoals
Shoals:3: layout_shoals, uniq_nikola
Shoals:4: shoals_end_hangedman, layout_shoals, gammafunk_ghost_tricky_traps
Orc:1:    layout_caves, uniq_erica
Orc:2:    st_orc_ogre_mass, layout_caves, elf_legates, uniq_maurice

Skill      XL: |  1  2  3  4  5  6  7  8  9 10 11 12 13 14 15 16 17 |
---------------+----------------------------------------------------+-----
Fighting       | 1 2 3 5 6 7 8 9 10 | 10.0
Earth Magic    | 1 2 3 4 5 7 8 9 10 11 | 11.8
Conjurations   | 1 2 3 4 5 6 7 8 9 10 11 12 | 12.4
Spellcasting   | 1 2 3 5 6 7 8 9 10 | 10.2
Invocations    | 2 5 7 8 9 |  9.2
Stealth        | 1 3 5 |  5.0
Ice Magic      | 5 |  5.0
Axes           | 3 5 7 9 |  9.9
Dodging        | 4 6 7 |  7.0
Air Magic      | 4 7 8 9 10 | 10.0
Transmutations | 2 4 6 7 |  7.3
Shields        | 3 5 7 |  7.9
Armour         | 3 5 7 |  7.7
Polearms       | |  1.0
Evocations     | |  4.0

Action                     |  1- 3 |  4- 6 |  7- 9 | 10-12 | 13-15 | 16-18 || total
---------------------------+-------+-------+-------+-------+-------+-------++-------
  Melee: Spear             |   165 |    32 |       |       |       |       ||   197
         Whip              |       |   152 |    13 |       |       |       ||   165
         Flail             |       |    25 |       |       |       |       ||    25
         Short sword       |       |       |   110 |    54 |       |       ||   164
         Staff             |       |       |       |     4 |     7 |       ||    11
         Broad axe         |       |       |       |   143 |   137 |    46 ||   326
         War axe           |       |       |       |       |       |     1 ||     1
  Throw: Dart              |       |       |     2 |       |       |       ||     2
   Cast: Stone Arrow       |       |       |    94 |   205 |   339 |    26 ||   664
         Hailstorm         |       |       |       |    33 |    15 |       ||    48
         Arcjolt           |       |       |       |     5 |    42 |    32 ||    79
         Lee's Rapid Decon |       |       |       |       |    26 |    80 ||   106
         Magic Dart        |       |       |       |       |    72 |   138 ||   210
         Iskenderun's Batt |       |       |       |       |    33 |    80 ||   113
         Irradiate         |       |       |       |       |     3 |    17 ||    20
         Freezing Cloud    |       |       |       |       |    10 |    11 ||    21
         Iron Shot         |       |       |       |       |       |   101 ||   101
         Fire Storm        |       |       |       |       |       |     1 ||     1
         Swiftness         |       |       |       |       |       |     2 ||     2
 Invoke: Channel Magic     |       |       |       |     1 |     9 |    10 ||    20
         Divine Exegesis   |       |       |       |       |       |     1 ||     1
  Evoke: Wand              |     4 |    10 |     3 |     6 |       |       ||    23
    Use: Scroll            |       |       |    13 |    16 |    14 |     5 ||    48
         Potion            |       |       |       |     2 |     2 |     9 ||    13
   Stab: Distracted        |       |       |       |     1 |       |       ||     1
 Armour: Ring mail         |    75 |    56 |       |       |       |       ||   131
         Robe              |       |    61 |    70 |   178 |   104 |    51 ||   464
  Dodge: Dodged            |    56 |    88 |    96 |   190 |   227 |    74 ||   731
  Block: Buckler           |    24 |    36 |    25 |    71 |    40 |       ||   196
         Kite shield       |       |       |       |       |    23 |   147 ||   170
